TOP OF THE 1ST |
Akron RubberDucks batting - Pitching for Midland RockHounds : RHP Andrew Yoder
|
Pitching: RHP Andrew Yoder
|
|
Batting: LHB Corey Trevor
|
0-0: Called Strike 0-1: Ball 1-1: Foul Ball, location: 2F 1-2: Ball 2-2: Strikes out swinging
|
Batting: LHB Tim Fuller
|
0-0: SINGLE (Line Drive, 8RS, EV 89.4 MPH)
|
Batting: RHB Harris Leroux
|
0-0: Called Strike 0-1: Ball 1-1: Foul Ball, location: 2F 1-2: Grounds into double play, 5-4-3 (Groundball, 56, EV 79.4 MPH)
|
Top of the 1st over - 0 runs, 1 hit, 0 errors, 0 left on base; Akron 0 - Midland 0 |
BOTTOM OF THE 1ST |
Midland RockHounds batting - Pitching for Akron RubberDucks : RHP Kensaku Shiba
|
Pitching: RHP Kensaku Shiba
|
|
Batting: SHB Brace Harper
|
0-0: Foul Ball, location: 2F 0-1: Ball 1-1: Foul Ball, location: 2F 1-2: SINGLE (Groundball, 4D, EV 99.4 MPH)
|
Batting: SHB Gregg Whitecotton
|
0-0: Ball 1-0: Swinging Strike 1-1: SINGLE (Groundball, 4M, EV 101.9 MPH) (infield hit) Brace Harper to second
|
Batting: RHB Paul Healy
|
0-0: Ball 1-0: Foul Ball, location: 2F 1-1: Ball 2-1: Ball 3-1: Called Strike Brace Harper steals 3rd base (no throw) Gregg Whitecotton to second 3-2: Fly out, F5 (Popup, 5F, EV 78.1 MPH)
|
Batting: RHB Miguel Trevino
|
0-0: SINGLE (Groundball, 6MD, EV 97.5 MPH) Brace Harper scores Gregg Whitecotton to third Runner from 3rd tries for Home, SAFE, throw by CF to home
|
Batting: LHB Mike Garland
|
0-0: Ball Miguel Trevino is caught stealing 2nd base 2-6 1-0: Ball 2-0: Foul Ball, location: 2F 2-1: Foul Ball, location: 2F 2-2: Ball 3-2: Foul Ball, location: 2F 3-2: Foul Ball, location: 2F 3-2: Ground out 4-3 (Groundball, 4, EV 107.5 MPH)
|
Bottom of the 1st over - 2 runs, 3 hits, 0 errors, 0 left on base; Akron 0 - Midland 2 |
TOP OF THE 2ND |
Akron RubberDucks batting - Pitching for Midland RockHounds : RHP Andrew Yoder
|
Batting: RHB Adrian Martinelli
|
0-0: Called Strike 0-1: Ball 1-1: Foul Ball, location: 2F 1-2: Ball 2-2: Strikes out swinging
|
Batting: RHB Andy Lewis
|
0-0: Ball 1-0: Ground out 1-3 (Groundball, 34S, EV 76.3 MPH)
|
Batting: RHB Willie Gonzales
|
0-0: Foul Ball, location: 2F 0-1: Ball 1-1: Foul Ball, location: 2F 1-2: Strikes out swinging
|
Top of the 2nd over - 0 runs, 0 hits, 0 errors, 0 left on base; Akron 0 - Midland 2 |
BOTTOM OF THE 2ND |
Midland RockHounds batting - Pitching for Akron RubberDucks : RHP Kensaku Shiba
|
Batting: LHB Zachary DeLuca
|
0-0: Ball 1-0: Ball 2-0: Foul Ball, location: 2F 2-1: SINGLE (Groundball, 4, EV 98.8 MPH)
|
Batting: RHB Jonathan Lugo
|
Balk! Zachary DeLuca to second 0-0: Called Strike 0-1: Swinging Strike 0-2: Ball 1-2: Strikes out swinging
|
Batting: RHB Daniel Barger
|
0-0: Called Strike 0-1: Fly out, F8 (Line Drive, 8LM, EV 91.9 MPH)
|
Batting: RHB Dunlang Clark
|
0-0: Swinging Strike 0-1: Ball 1-1: Ball 2-1: Foul Ball, location: 2F 2-2: Foul Ball, location: 2F 2-2: Strikes out swinging
|
Bottom of the 2nd over - 0 runs, 1 hit, 0 errors, 1 left on base; Akron 0 - Midland 2 |
TOP OF THE 3RD |
Akron RubberDucks batting - Pitching for Midland RockHounds : RHP Andrew Yoder
|
Batting: LHB Devon Grant
|
0-0: Ball 1-0: Foul Ball, location: 2F 1-1: Foul Ball, location: 2F 1-2: Ball 2-2: Foul Ball, location: 2F 2-2: Strikes out swinging
|
Batting: LHB John Dietrich
|
0-0: Ball 1-0: Called Strike 1-1: Fly out, F9 (Flyball, 89M, EV 88.1 MPH)
|
Batting: RHB Gashie Chimsima
|
0-0: Foul Ball, location: 2F 0-1: Ball 1-1: Called Strike 1-2: Strikes out looking
|
Top of the 3rd over - 0 runs, 0 hits, 0 errors, 0 left on base; Akron 0 - Midland 2 |
BOTTOM OF THE 3RD |
Midland RockHounds batting - Pitching for Akron RubberDucks : RHP Kensaku Shiba
|
Batting: SHB Brace Harper
|
0-0: Ball 1-0: Ball 2-0: Ball 3-0: Called Strike 3-1: Foul Ball, location: 2F 3-2: SINGLE (Groundball, 25, EV 67.5 MPH) (infield hit)
|
Batting: SHB Gregg Whitecotton
|
0-0: Ball 1-0: Called Strike 1-1: Ball 2-1: Swinging Strike 2-2: Foul Ball, location: 2F 2-2: Strikes out swinging
|
Batting: RHB Paul Healy
|
0-0: Ball 1-0: Called Strike Brace Harper steals 2nd base (no throw) 1-1: Ball 2-1: Ball 3-1: Called Strike 3-2: Base on Balls
|
Batting: RHB Miguel Trevino
|
0-0: Called Strike 0-1: Ball 1-1: Ball 2-1: Ball Brace Harper is caught stealing 3rd base 2-5 Paul Healy to second 3-1: Base on Balls
|
Batting: LHB Mike Garland
|
0-0: Ball 1-0: Fielders Choice at 2nd, 6-4 (Groundball, 6, EV 107.5 MPH)
|
Bottom of the 3rd over - 0 runs, 1 hit, 0 errors, 2 left on base; Akron 0 - Midland 2 |
TOP OF THE 4TH |
Akron RubberDucks batting - Pitching for Midland RockHounds : RHP Andrew Yoder
|
Batting: LHB Corey Trevor
|
0-0: Foul Ball, location: 2F 0-1: Fly out, F9 (Flyball, 9S, EV 74.4 MPH)
|
Batting: LHB Tim Fuller
|
0-0: Called Strike 0-1: Ball 1-1: Swinging Strike 1-2: Ball 2-2: Ground out 4-3 (Groundball, 4, EV 78.8 MPH)
|
Batting: RHB Harris Leroux
|
0-0: Called Strike 0-1: Ball 1-1: Swinging Strike 1-2: Ball 2-2: Strikes out swinging
|
Top of the 4th over - 0 runs, 0 hits, 0 errors, 0 left on base; Akron 0 - Midland 2 |
BOTTOM OF THE 4TH |
Midland RockHounds batting - Pitching for Akron RubberDucks : RHP Kensaku Shiba
|
Batting: LHB Zachary DeLuca
|
0-0: Swinging Strike 0-1: Ball 1-1: Ball 2-1: Ground out 6-3 (Groundball, 6, EV 103.1 MPH)
|
Batting: RHB Jonathan Lugo
|
0-0: Fly out, F8 (Line Drive, 8RD, EV 92.5 MPH)
|
Batting: RHB Daniel Barger
|
0-0: Ball 1-0: Called Strike 1-1: Called Strike 1-2: Ball 2-2: Foul Ball, location: 2F 2-2: Foul Ball, location: 2F 2-2: Ball 3-2: Foul Ball, location: 2F 3-2: SINGLE (Groundball, 34D, EV 95.6 MPH)
|
Batting: RHB Dunlang Clark
|
0-0: Ball 1-0: Ball 2-0: Ball 3-0: Called Strike 3-1: SINGLE (Groundball, 6M, EV 95.0 MPH) Daniel Barger to second Runner from 2nd tries for 3rd, OUT! 8-5
|
Bottom of the 4th over - 0 runs, 2 hits, 0 errors, 1 left on base; Akron 0 - Midland 2 |
TOP OF THE 5TH |
Akron RubberDucks batting - Pitching for Midland RockHounds : RHP Andrew Yoder
|
Batting: RHB Adrian Martinelli
|
0-0: Ball 1-0: Ball 2-0: Ball 3-0: Called Strike 3-1: Foul Ball, location: 2F 3-2: DOUBLE (Line Drive, 78D, EV 108.8 MPH)
|
Batting: RHB Andy Lewis
|
0-0: Ball 1-0: Ball 2-0: Called Strike 2-1: Ball 3-1: Base on Balls
|
Batting: RHB Willie Gonzales
|
0-0: Ball 1-0: Foul Ball, location: 2F 1-1: Called Strike 1-2: Ball 2-2: Strikes out swinging
|
Batting: LHB Devon Grant
|
0-0: Ball 1-0: Called Strike 1-1: Foul Ball, location: 2F 1-2: Ball 2-2: Ball 3-2: Foul Ball, location: 2F 3-2: Strikes out swinging
|
Batting: LHB John Dietrich
|
0-0: Ball 1-0: SINGLE (Line Drive, 56, EV 109.4 MPH) Adrian Martinelli to third Andy Lewis to second Runner from 3rd tries for Home, SAFE, throw by LF to home
|
Batting: RHB Gashie Chimsima
|
0-0: Foul Ball, location: 2F 0-1: Swinging Strike 0-2: Foul Ball, location: 2F 0-2: Ball 1-2: Ball 2-2: Strikes out swinging
|
Top of the 5th over - 1 run, 2 hits, 0 errors, 2 left on base; Akron 1 - Midland 2 |
BOTTOM OF THE 5TH |
Midland RockHounds batting - Pitching for Akron RubberDucks : RHP Kensaku Shiba
|
Pitching: LHP Aaron Manees
|
|
Batting: SHB Brace Harper
|
0-0: Foul Ball, location: 2F 0-1: Fly out, F8 (Flyball, 8RD, EV 98.8 MPH)
|
Batting: SHB Gregg Whitecotton
|
0-0: Ball 1-0: Called Strike 1-1: Called Strike 1-2: Ball 2-2: Foul Ball, location: 2F 2-2: Foul Ball, location: 2F 2-2: Foul Ball, location: 2F 2-2: Ball 3-2: Foul Ball, location: 2F 3-2: Fly out, F3 (Popup, 3SF, EV 71.3 MPH)
|
Batting: RHB Paul Healy
|
0-0: Ball 1-0: Ball 2-0: Called Strike 2-1: Ball 3-1: Ground out 1-3 (Groundball, 13, EV 66.3 MPH)
|
Bottom of the 5th over - 0 runs, 0 hits, 0 errors, 0 left on base; Akron 1 - Midland 2 |
TOP OF THE 6TH |
Akron RubberDucks batting - Pitching for Midland RockHounds : RHP Andrew Yoder
|
Batting: LHB Corey Trevor
|
0-0: Ball 1-0: Called Strike 1-1: Ball 2-1: Swinging Strike 2-2: Fly out, F8 (Flyball, 8LS, EV 86.3 MPH)
|
Batting: LHB Tim Fuller
|
0-0: Foul Ball, location: 2F 0-1: Foul Ball, location: 2F 0-2: Foul Ball, location: 2F 0-2: Ball 1-2: Ball 2-2: Foul Ball, location: 2F 2-2: Strikes out swinging
|
Batting: RHB Harris Leroux
|
0-0: SINGLE (Groundball, 6MD, EV 96.9 MPH)
|
Batting: RHB Adrian Martinelli
|
0-0: Ground out 5-3 (Groundball, 56S, EV 83.8 MPH)
|
Top of the 6th over - 0 runs, 1 hit, 0 errors, 1 left on base; Akron 1 - Midland 2 |
BOTTOM OF THE 6TH |
Midland RockHounds batting - Pitching for Akron RubberDucks : LHP Aaron Manees
|
Batting: RHB Miguel Trevino
|
0-0: Called Strike 0-1: Called Strike 0-2: Ball 1-2: Strikes out swinging
|
Batting: LHB Mike Garland
|
0-0: Called Strike 0-1: Ball 1-1: Ground out U3 (Groundball, 34, EV 98.8 MPH)
|
Batting: LHB Zachary DeLuca
|
0-0: Ground out 6-3 (Groundball, P, EV 91.9 MPH)
|
Bottom of the 6th over - 0 runs, 0 hits, 0 errors, 0 left on base; Akron 1 - Midland 2 |
TOP OF THE 7TH |
Akron RubberDucks batting - Pitching for Midland RockHounds : RHP Andrew Yoder
|
Batting: RHB Andy Lewis
|
0-0: Ground out 6-3 (Groundball, 6, EV 96.9 MPH)
|
Batting: RHB Willie Gonzales
|
0-0: Called Strike 0-1: Swinging Strike 0-2: SINGLE (Groundball, 4MD, EV 96.3 MPH)
|
Batting: LHB Devon Grant
|
0-0: Called Strike 0-1: Ball 1-1: Called Strike Willie Gonzales is caught stealing 2nd base 2-6 1-2: Ball 2-2: Foul Ball, location: 2F 2-2: Strikes out swinging
|
Top of the 7th over - 0 runs, 1 hit, 0 errors, 0 left on base; Akron 1 - Midland 2 |
BOTTOM OF THE 7TH |
Midland RockHounds batting - Pitching for Akron RubberDucks : LHP Aaron Manees
|
Pitching: RHP En-guo Tsu
|
|
Batting: RHB Jonathan Lugo
|
0-0: Swinging Strike 0-1: SINGLE (Flyball, 8LS, EV 96.3 MPH)
|
Batting: RHB Daniel Barger
|
0-0: Ball 1-0: Called Strike 1-1: Ball 2-1: Ball 3-1: Bunt missed! 3-2: SINGLE (Line Drive, 5, EV 66.3 MPH) (infield hit) Jonathan Lugo to second
|
Batting: RHB Dunlang Clark
|
0-0: Bunted foul 0-1: Ball 1-1: Bunt - Flyout to 23 - DP at third! 3-4
|
Batting: SHB Brace Harper
|
0-0: Called Strike 0-1: Ball 1-1: Ball 2-1: Ball 3-1: Called Strike 3-2: Base on Balls
|
Batting: SHB Gregg Whitecotton
|
0-0: Ball 1-0: Ball 2-0: Fly out, F9 (Flyball, 89M, EV 87.5 MPH)
|
Bottom of the 7th over - 0 runs, 2 hits, 0 errors, 2 left on base; Akron 1 - Midland 2 |
TOP OF THE 8TH |
Akron RubberDucks batting - Pitching for Midland RockHounds : RHP Andrew Yoder
|
Pitching: LHP Darby Jones
|
|
Batting: LHB John Dietrich
|
0-0: Ball 1-0: Ball 2-0: Called Strike 2-1: Ball 3-1: Foul Ball, location: 2F 3-2: Ground out 6-3 (Groundball, 56, EV 84.4 MPH)
|
Pitching: RHP Mike Bowling
|
|
Batting: RHB Gashie Chimsima
|
0-0: Called Strike 0-1: Ball 1-1: Foul Ball, location: 2F 1-2: Ball 2-2: Ball 3-2: Fly out, F9 (Line Drive, 9, EV 90.6 MPH)
|
Batting: LHB Corey Trevor
|
0-0: Called Strike 0-1: Ball 1-1: Foul Ball, location: 2F 1-2: Foul Ball, location: 2F 1-2: Foul Ball, location: 2F 1-2: Ball 2-2: Ground out 6-3 (Groundball, 6, EV 81.3 MPH)
|
Top of the 8th over - 0 runs, 0 hits, 0 errors, 0 left on base; Akron 1 - Midland 2 |
BOTTOM OF THE 8TH |
Midland RockHounds batting - Pitching for Akron RubberDucks : RHP En-guo Tsu
|
Pitching: RHP Ian Nordquist
|
|
Batting: RHB Paul Healy
|
0-0: Ball 1-0: Swinging Strike 1-1: Ball 2-1: Foul Ball, location: 2F 2-2: Foul Ball, location: 2F 2-2: Strikes out swinging
|
Batting: RHB Miguel Trevino
|
0-0: Called Strike 0-1: Called Strike 0-2: Ball 1-2: Strikes out swinging
|
Batting: LHB Mike Garland
|
0-0: Ball 1-0: SINGLE (Flyball, 7LS, EV 93.1 MPH)
|
Pitching: RHP Nate Souza
|
|
Batting: LHB Zachary DeLuca
|
0-0: Foul Ball, location: 2F 0-1: Called Strike 0-2: Ball 1-2: Ball 2-2: Strikes out looking
|
Bottom of the 8th over - 0 runs, 1 hit, 0 errors, 1 left on base; Akron 1 - Midland 2 |
TOP OF THE 9TH |
Akron RubberDucks batting - Pitching for Midland RockHounds : RHP Mike Bowling
|
Pitching: RHP Andrew Douglas
|
|
Batting: LHB Tim Fuller
|
0-0: Ball 1-0: Ball 2-0: DOUBLE (Line Drive, 5D, EV 95.0 MPH)
|
Batting: LHB Nick Welling
|
0-0: Ball 1-0: Ball 2-0: Ball 3-0: Base on Balls
|
Batting: RHB Adrian Martinelli
|
0-0: Ball 1-0: Called Strike 1-1: Ball 2-1: Grounds into double play, 6-4-3 (Groundball, 6, EV 101.9 MPH) Tim Fuller to third
|
Pinch Hitting: LHB Danny Moreno
|
0-0: Foul Ball, location: 2F 0-1: Called Strike 0-2: 2-RUN HOME RUN (Flyball, 9D, EV 98.1 MPH), Distance : 373 ft
|
Batting: RHB Willie Gonzales
|
0-0: Swinging Strike 0-1: Foul Ball, location: 2F 0-2: Ball 1-2: Foul Ball, location: 2F 1-2: Ball 2-2: Strikes out swinging
|
Top of the 9th over - 2 runs, 2 hits, 0 errors, 0 left on base; Akron 3 - Midland 2 |
BOTTOM OF THE 9TH |
Midland RockHounds batting - Pitching for Akron RubberDucks : RHP Nate Souza
|
Pitching: RHP Chris Cohen
|
|
Now in LF: Danny Moreno
|
|
Batting: RHB Jonathan Lugo
|
0-0: Called Strike 0-1: Called Strike 0-2: Ball 1-2: Ground out 6-3 (Groundball, 6, EV 102.5 MPH)
|
Pinch Hitting: SHB John Cummings
|
0-0: Called Strike 0-1: Foul Ball, location: 2F 0-2: Ball 1-2: Foul Ball, location: 2F 1-2: SINGLE (Flyball, 89S, EV 95.0 MPH)
|
Pinch Hitting: RHB Kevin Wiles
|
0-0: Ball 1-0: Ground out U3 (Groundball, 34, EV 84.4 MPH) John Cummings to second
|
Batting: SHB Brace Harper
|
0-0: Ball 1-0: Foul Ball, location: 2F 1-1: Ball 2-1: Ball 3-1: Called Strike 3-2: Foul Ball, location: 2F 3-2: Base on Balls
|
Pinch Runner at 2nd Dan Boylan:
|
|
Batting: SHB Gregg Whitecotton
|
0-0: Ball 1-0: Ball 2-0: Ground out U3 (Groundball, 34D, EV 110.6 MPH)
|
Bottom of the 9th over - 0 runs, 1 hit, 0 errors, 2 left on base; Akron 3 - Midland 2 |
|